Map: Ephemeron LE

Players

Solarian

  • Race: Protoss Protoss
  • Spawn Location: 5:00

Probe - Winner!

  • Race: Protoss Protoss
  • Spawn Location: 11:00

Event: NationWars 2019

VOD

Have the link to the VOD?

Description

Time

  • Played on: Sept. 29, 2019, 4:09 a.m.
  • Length: 9:47

All games in this series

Show
View Real Time Build Order
Export as new Build Order

Solarian Protoss 

Build Orders: Oracle Opening, Archon Immortal 

Get SALT Encoding   

  12  0:00  Probe  
  13  0:13  Probe  
  14  0:18  Pylon  
  14  0:25  Probe (Chrono Boost)  
  15  0:38  Probe (Chrono Boost)  
  15  0:40  Gateway  
  16  0:43  Probe (Chrono Boost)  
  16  0:46  Assimilator  
  17  0:53  Probe (Chrono Boost)  
  17  0:55  Assimilator  
  18  1:05  Probe (Chrono Boost)  
  18  1:08  Gateway  
  19  1:13  Probe (Chrono Boost)  
  20  1:19  Probe  
  21  1:28  Cybernetics Core  
  21  1:31  Probe  
  22  1:36  Pylon  
  22  1:43  Probe  
  23  1:55  Probe  
  24  2:02  Warp Gate (Chrono Boost)  
  24  2:04  Stalker, Sentry  
  28  2:15  Pylon  
  28  2:26  Pylon  
  28  2:35  Stalker x2, Shield Battery  
  33  2:53  Pylon  
  32  3:00  Nexus  
  32  3:09  Probe  
  33  3:14  Stargate  
  33  3:21  Probe  
  34  3:33  Probe  
  35  3:35  Robotics Facility  
  35  3:46  Probe  
  36  3:52  Shield Battery  
  36  3:58  Oracle (Chrono Boost), Probe  
  40  4:10  Probe (Chrono Boost)  
  40  4:15  Probe (Chrono Boost)  
  42  4:22  Probe (Chrono Boost), Observer  
  44  4:25  Probe (Chrono Boost)  
  44  4:27  Probe (Chrono Boost)  
  44  4:28  Oracle  
  49  4:31  Probe  
  49  4:36  Probe  
  51  4:39  Forge  
  51  4:43  Probe, Twilight Council  
  52  4:52  Immortal  
  56  4:55  Probe  
  56  4:58  Assimilator  
  57  5:01  Pylon, Assimilator  
  57  5:02  Probe  
  58  5:07  Probe  
  59  5:14  Pylon, Probe  
  59  5:19  Probe  
  61  5:24  Phoenix (Chrono Boost)  
  61  5:26  Probe  
  64  5:31  Probe  
  64  5:34  Protoss Ground Weapons Level 1 (Chrono Boost)  
  65  5:38  Probe  
  65  5:41  Phoenix  
  64  5:43  Probe  
  65  6:03  Immortal  
  68  6:05  Nexus  
  68  6:06  Phoenix (Chrono Boost)  
  68  6:08  Gateway  
  70  6:14  Pylon  
  70  6:23  Gateway  
  70  6:24  Zealot x2  
  74  6:29  Phoenix (Chrono Boost)  
  76  6:37  Templar Archives  
  76  6:46  Gateway, Immortal  
  80  6:49  Probe  
  80  6:51  Probe  
  82  6:57  Pylon  
  76  7:04  Probe x2  
  76  7:05  Gateway  
  76  7:08  Gateway  
  74  7:16  Probe x2  
  74  7:17  Probe  
  77  7:28  Probe  
  77  7:29  Probe x2, High Templar x2  
  84  7:39  Phoenix  
  84  7:40  Probe  
  84  7:41  Probe x2  
  84  7:42  Archon  
  89  7:52  Probe  
  89  7:53  Probe x2  
  92  7:58  High Templar  
  92  7:59  Gateway  
  94  8:07  Phoenix  
  96  8:16  High Templar, Assimilator  
  96  8:17  Zealot x3  
  104  8:20  Archon, Assimilator  
  104  8:22  Pylon  
  104  8:25  Immortal  
  104  8:26  Probe  
  109  8:32  Pylon  
  109  8:40  Probe x2  
  112  8:45  Zealot x2  
  115  8:50  Pylon  
  115  8:51  Pylon  
  115  8:52  Robotics Facility  
  115  8:53  Pylon  
  115  8:54  Pylon  
  115  9:01  High Templar x2  
  115  9:02  Zealot x3  
  123  9:05  Archon  
  117  9:17  Zealot x3  
  115  9:31  Zealot x3  
Show
View Real Time Build Order
Export as new Build Order

Probe Protoss - Winner!

Build Orders: Phoenix Opening, Zealot Archon 

Get SALT Encoding   

  12  0:00  Probe  
  13  0:13  Probe  
  14  0:17  Pylon  
  14  0:25  Probe (Chrono Boost)  
  15  0:37  Probe (Chrono Boost)  
  15  0:39  Gateway  
  16  0:43  Probe (Chrono Boost)  
  16  0:48  Assimilator  
  17  0:51  Probe  
  17  0:55  Assimilator  
  18  1:03  Probe (Chrono Boost)  
  19  1:13  Probe (Chrono Boost)  
  19  1:15  Gateway  
  19  1:18  Probe (Chrono Boost)  
  21  1:27  Cybernetics Core  
  21  1:29  Probe  
  22  1:36  Pylon  
  22  1:42  Probe  
  23  1:54  Probe  
  24  2:05  Stalker, Warp Gate  
  24  2:06  Probe, Sentry  
  29  2:12  Pylon  
  30  2:22  Probe  
  30  2:32  Stalker  
  30  2:35  Stalker  
  34  2:40  Phoenix  
  34  2:48  Probe, Robotics Facility  
  35  2:56  Pylon  
  35  3:11  Nexus  
  34  3:16  Probe  
  35  3:22  Sentry  
  37  3:28  Probe  
  38  3:36  Immortal (Chrono Boost)  
  38  3:41  Probe  
  43  3:48  Robotics Bay  
  43  3:53  Probe  
  43  3:55  Shield Battery  
  44  4:01  Phoenix  
  44  4:05  Warp Prism (Chrono Boost)  
  46  4:12  Probe  
  47  4:24  Probe x2  
  49  4:32  Shield Battery  
  49  4:35  Disruptor (Chrono Boost)  
  49  4:36  Probe x2  
  51  4:42  Gravitic Drive  
  54  4:48  Probe  
  54  4:49  Probe  
  54  4:52  Pylon  
  56  5:00  Probe  
  56  5:01  Disruptor (Chrono Boost), Probe  
  61  5:12  Probe  
  61  5:13  Probe  
  63  5:16  Forge  
  63  5:19  Twilight Council  
  63  5:24  Probe  
  63  5:27  Stalker  
  66  5:32  Probe  
  67  5:37  Probe  
  68  5:42  Stalker  
  70  5:52  Protoss Ground Weapons Level 1 (Chrono Boost), Assimilator  
  70  5:53  Assimilator  
  70  5:54  Pylon  
  70  5:57  Pylon  
  70  6:00  Pylon  
  70  6:01  Pylon  
  70  6:03  Charge  
  70  6:12  Probe x2  
  72  6:24  Probe x2  
  74  6:29  Gateway  
  74  6:30  Gateway  
  74  6:31  Gateway  
  74  6:33  Gateway  
  74  6:35  Gateway  
  74  6:36  Probe  
  74  6:37  Gateway  
  75  6:40  Templar Archives  
  75  6:46  Zealot x2  
  79  7:06  Immortal  
  83  7:11  Zealot x2  
  87  7:16  Shield Battery  
  87  7:22  Shield Battery  
  87  7:24  High Templar x2  
  91  7:31  Pylon, Archon  
  91  7:32  Pylon, Zealot  
  91  7:33  Zealot x4  
  101  7:46  Nexus  
  101  7:51  Pylon  
  101  8:00  High Templar x2  
  101  8:03  Zealot x3  
  109  8:20  High Templar x2  
  109  8:24  Zealot x4  
  121  8:31  Photon Cannon  
  121  8:38  Archon  
  121  8:39  Archon  
  121  8:49  Zealot x2  
  121  8:52  Pylon  
  121  8:54  Pylon x2  
  125  8:58  Pylon  
  125  9:04  Zealot x6  
  137  9:20  High Templar x2  
  139  9:28  Archon  
  137  9:34  Zealot x6  
Tags
 
Add a new tag
Caveats
  • Supply blocks, unpowered buildings, or Contaminate may cause inaccurate times.
  • Supply counts are checked every 10 seconds.